 Dungeon Crawl Stone Soup version 0.30-a0-897-ga2f19c967e (webtiles) character file.

Game seed: 8217608110792940498

16912 112233 the Nimble (level 12, -2/90 HPs)
             Began as an Octopode Wanderer on Mar 18, 2023.
             Was an Elder of Sif Muna.
             Slain by a tengu warrior
             ... wielding a +0 war axe
              (8 damage)
             ... on level 13 of the Dungeon.
             The game lasted 00:24:41 (17874 turns).

112233 the Nimble (Octopode Wanderer)              Turns: 17874, Time: 00:24:43

Health: -2/90      AC:  5    Str:  6 (9)  XL:     12   Next: 42%
Magic:  44/44      EV: 22    Int: 18 (21) God:    Sif Muna [****..]
Gold:   683        SH:  8    Dex: 23 (24) Spells: 26/31 levels left

rFire   . . .      SeeInvis +    x - +2 dagger (freeze)
rCold   . . .      Faith    .    b - +2 buckler
rNeg    . . .      Spirit   .    (helmet restricted)
rPois   .          Reflect  .    (no amulet)
rElec   .          Rampage  .    e - +4 ring of protection
rCorr   .          Clarity  +    n - ring of magical power
Will    .....                    B - ring of see invisible
Stlth   +++++                    p - ring of flight
HPRegen 0.35/turn                z - +6 ring of dexterity
MPRegen 0.29/turn                I - +6 ring of intelligence
                                 v - ring of magical power
                                 h - ring of wizardry

@: lethally poisoned (-2 -> -4), flying, slowed, very slow
A: almost no armour, amphibious, 8 rings, camouflage 1, gelatinous body 1,
(nimble swimmer 1), tentacles, clarity, sense surroundings 1
a: Renounce Religion, Channel Magic, Forget Spell, Divine Exegesis


You were on level 13 of the Dungeon.
You worshipped Sif Muna.
Sif Muna was greatly pleased with you.
You visited 2 branches of the dungeon, and saw 14 of its levels.

You collected 683 gold pieces.

Inventory:

Hand Weapons
 a - a +1 falchion
 f - a +0 whip of electrocution
 k - a +0 falchion of holy wrath
 x - a +2 dagger of freezing (weapon)
 G - a +4 heavy sling
Missiles
 d - 2 atropa-tipped darts
 t - a throwing net (quivered)
Armour
 b - a +2 buckler (worn)
 r - a +2 kite shield
Jewellery
 e - a +4 ring of protection (left tentacle)
 h - a ring of wizardry (on tentacle)
 j - a ring of fire
 n - a ring of magical power (right tentacle)
 p - a ring of flight (on tentacle)
 v - a ring of magical power (on tentacle)
 z - a +6 ring of dexterity (on tentacle)
 B - a ring of see invisible (on tentacle)
 I - a +6 ring of intelligence (on tentacle)
 M - an amulet of the acrobat
Wands
 i - a wand of polymorph (10)
 F - a wand of digging (5)
Scrolls
 g - 3 scrolls of magic mapping
 l - 5 scrolls of vulnerability
 o - 2 scrolls of enchant weapon
 u - 3 scrolls of fog
 w - 2 scrolls of noise
 D - 3 scrolls of enchant armour
 H - 3 scrolls of identify
 L - 2 scrolls of torment
Potions
 c - 2 potions of attraction
 m - a potion of magic {unknown}
 q - 2 potions of brilliance
 A - a potion of mutation
 C - a potion of might
 J - a potion of degeneration


   Skills:
 + Level 11.5 Fighting
 - Level 1.0 Long Blades
 + Level 11.7 Dodging
 * Level 6.7 Stealth
 - Level 5.0 Shields
 * Level 10.0 Spellcasting
 - Level 1.0 Invocations


You had 26 spell levels left.
You knew the following spells:

 Your Spells              Type           Power      Damage    Failure   Level
a - Apportation           Tloc           18%        N/A       4%          1
b - Blink                 Tloc           18%        N/A       6%          2
c - Momentum Strike       Conj/Tloc      18%        3d8       6%          2

Your spell library contained the following spells:

 Spells                   Type           Power      Damage    Failure   Level
 Freeze                   Ice            36%        1d5       4%          1
 Magic Dart               Conj           36%        1d4       4%          1
 Slow                     Hex            36%        N/A       4%          1
 Sting                    Tmut/Pois      36%        1d4       4%          1
 Call Imp                 Summ           9%         N/A       6%          2
 Lesser Beckoning         Tloc           18%        N/A       6%          2
 Poisonous Vapours        Pois/Air       18%        N/A       6%          2
 Confusing Touch          Hex            9%         N/A       12%         3
 Frozen Ramparts          Ice            18%        1d3       12%         3
 Gell's Gravitas          Tloc           9%         N/A       12%         3
 Hailstorm                Conj/Ice       9%         3d4       12%         3
 Mephitic Cloud           Conj/Pois/Air  9%         N/A       12%         3
 Teleport Other           Tloc           9%         N/A       12%         3
 Vampiric Draining        Necr           9%         2d6       12%         3
 Ice Form                 Ice/Tmut       9%         N/A       36%         4
 Olgreb's Toxic Radiance  Pois           9%         N/A       36%         4
 Summon Ice Beast         Ice/Summ       9%         N/A       36%         4
 Alistair's Intoxication  Tmut/Pois      6%         N/A       69%         5
 Dispersal                Tloc           4%         N/A       99%         6


Dungeon Overview and Level Annotations

Branches:
Dungeon (13/15)            Temple (1/1) D:4            Lair (0/5) D:11
    Orc: D:9-12      Vaults: D:13-14

Altars:
Ashenzari
Cheibriados
Dithmenos
Elyvilon
Fedhas
Gozag
Hepliaklqana
Kikubaaqudgha
Makhleb
Nemelex Xobeh
Okawaru
Qazlal
Ru
Sif Muna
Trog
Uskayaw
Vehumet
Wu Jian
Xom
Yredelemnul
Zin
The Shining One

Annotations:
D:4 exclusion: downstairs
D:11 exclusion: downstairs


Innate Abilities, Weirdness & Mutations

You cannot wear most types of armour.
You are amphibious.
You can wear up to eight rings at the same time.
Your skin changes colour to match your surroundings (Stealth+).
Your rubbery body absorbs attacks. (AC +1, EV +1)
((You are camouflaged when in or above water. (Stealth+)))
You have tentacles for arms and can constrict up to eight enemies at once.
You possess an exceptional clarity of mind.
You passively map a small area around you.


Message History

Press: ? - help, Shift-Dir - straight line, f/p - komodo dragon
Aim: a komodo dragon (will become a hornet, a death drake, or a queen bee, chance to affect: 31%)
The komodo dragon evaporates and reforms as a hornet!
The hornet stings you!
You are poisoned.
You suddenly lose the ability to move!
You feel very sick. The hornet stings you!
You feel yourself slow down. The hornet stings you.
You feel as though you will be slow longer.
You feel sick. The hornet stings you!
You feel as though you will be slow longer.
The tengu warrior hits you with a +0 war axe!
* * * LOW HITPOINT WARNING * * *
The tengu warrior pecks you but does no damage.
The tengu warrior completely misses you.
You can move again.
As you read the scroll labelled CUOMNE REDEGGIGUMA, it crumbles to dust.
It is a scroll of amnesia.
Really abort (and waste the scroll)? [Y]es or [N]o only, please.
Really abort (and waste the scroll)?
Okay, then.
You feel sick. You block the hornet's attack. The hornet misses you.
The tengu warrior hits you with a +0 war axe.
* * * LOW HITPOINT WARNING * * *
The tengu warrior pecks you.
* * * LOW HITPOINT WARNING * * *
The tengu warrior claws you.
* * * LOW HITPOINT WARNING * * *
Okay, then.
Okay, then.
Unknown command.
It was a potion of degeneration.
There was something very wrong with that liquid.
You feel weakened.
You feel dopey.
You feel clumsy.
You feel sick. The hornet misses you. The gnoll completely misses you.
A gnoll comes into view. It is wielding a +0 halberd.
The hornet closely misses you.
The tengu warrior hits you with a +0 war axe!
You die...

* * ## ####., * #.>..#, ,
,# #.# <.,* .#
#.#*#.#####$### ### #.#
#.......... ,
#######.###.####.........,
, ,,
................@........
*
#####..........Qyg$...##.
*
.........#.......###.....
*
######..##...............
* ##...#.###..###..#..
#^.##.# #..# ,... *...##.#
#..#* ...##.# #g.# * ,
#... ,


You could see a tengu warrior, a hornet and 2 gnolls.

Vanquished Creatures
  Jorgrun (D:12)
  4 two-headed ogres
  A fire crab (shapeshifter) (D:13)
  Pikel (D:4)
  A manticore (D:11)
  Joseph (D:8)
  An elephant (D:11)
  5 gargoyles (D:10)
  2 trolls (D:11)
  Grinder (D:6)
  A hornet (D:10)
  9 yaks
  A wyvern (D:9)
  2 steam dragons
  2 wraiths
  A basilisk (D:11)
  Grum (D:9)
  3 vampire mosquitoes (D:11)
  2 water moccasins
  Duvessa (D:6)
  4 orc warriors
  An ice beast (D:5)
  3 black bears
  2 hornet zombies (D:6)
  2 ogres (D:5)
  2 centaurs
  3 wolves
  4 phantoms
  2 kobold brigands
  4 bullfrogs
  5 scorpions
  A water moccasin zombie (D:6)
  23 wights
  2 wyvern skeletons (D:6)
  A water moccasin skeleton (D:6)
  Dowan (D:6)
  8 killer bees
  An electric eel (D:6)
  7 howler monkeys
  4 centaur zombies (D:6)
  A bullfrog zombie (D:6)
  5 hounds
  2 jellies
  A gnoll bouda (D:9)
  5 orc priests
  A bullfrog skeleton (D:6)
  A sleepcap (D:5)
  2 iguanas
  11 orc wizards
  5 gnolls (D:9)
  A howler monkey zombie (D:6)
  9 adders
  14 white imps
  An ufetubus (D:6)
  A worm (D:2)
  2 dart slugs (D:1)
  35 orcs
  6 endoplasms
  5 giant cockroaches
  8 goblins
  10 hobgoblins
  2 jackals (D:4)
  9 kobolds
  3 quokkas
  3 ball pythons
  2 bats
  4 frilled lizards
  4 rats
274 creatures vanquished.

Vanquished Creatures (collateral kills)
  A manticore (D:13)
  An acid dragon (D:13)
  A gnoll sergeant (D:13)
  A gnoll (D:13)
4 creatures vanquished.

Vanquished Creatures (others)
  A gargoyle (D:13)
  A yak (D:6)
  A fungus (D:11)
  A plant (D:11)
  3 withered plants (D:6)
7 creatures vanquished.

Grand Total: 285 creatures vanquished

Notes
Turn   | Place    | Note
-------+----------+-------------------------------------------
     0 | D:1      | 112233 the Octopode Wanderer began the quest for the Orb.
     0 | D:1      | 112233 set off with the following items: a +1 falchion, a
                  | +2 buckler, a potion of attraction.
     0 | D:1      | Reached XP level 1. HP: 13/13 MP: 1/1
    82 | D:1      | Reached XP level 2. HP: 17/18 MP: 2/2
   701 | D:2      | Reached XP level 3. HP: 23/24 MP: 3/3
   767 | D:2      | Reached XP level 4. HP: 28/30 MP: 4/4
   778 | D:2      | You fall into a shaft and drop 2 floors!
   795 | D:4      | Noticed a scorpion
  1411 | D:2      | Reached XP level 5. HP: 35/36 MP: 5/5
  2081 | D:4      | Reached XP level 6. HP: 43/43 MP: 6/6
  2196 | D:4      | Found a staircase to the Ecumenical Temple.
  2225 | Temple   | Entered the Ecumenical Temple
  2515 | Temple   | Became a worshipper of Sif Muna the Loreminder
  2960 | D:5      | Entered Level 5 of the Dungeon
  2960 | D:5      | Noticed Pikel
  2981 | D:4      | Gained mutation: You occasionally lose the ability to drink
                  | potions when taking damage. [potion of mutation]
  2981 | D:4      | Gained mutation: Your mind is acute. (Int +4, Str/Dex -1)
                  | [potion of mutation]
  2981 | D:4      | Gained mutation: You possess an exceptional clarity of
                  | mind. [potion of mutation]
  2986 | D:4      | Killed Pikel
  2987 | D:4      | Reached skill level 5 in Fighting
  2987 | D:4      | Reached XP level 7. HP: 22/51 MP: 7/7
  3439 | D:5      | Found an iron altar of Okawaru.
  3478 | D:5      | Reached XP level 8. HP: 31/57 MP: 8/8
  3665 | D:5      | Noticed a yak
  3665 | D:5      | Noticed a yak
  3694 | D:6      | Killed a yak
  3922 | D:5      | Noticed a yak
  4637 | D:5      | Found a radiant altar of Vehumet.
  4657 | D:5      | Reached * piety under Sif Muna
  4946 | D:6      | Reached XP level 9. HP: 30/66 MP: 9/9
  5487 | D:6      | Found a burning altar of Makhleb.
  5560 | D:6      | Noticed Dowan
  5561 | D:6      | Noticed Duvessa
  5581 | D:6      | Killed Duvessa
  5582 | D:6      | Reached skill level 1 in Spellcasting
  5586 | D:6      | Noticed Grinder
  5593 | D:6      | Killed Dowan
  5598 | D:6      | Killed Grinder
  6692 | D:7      | Found a hazy altar of Hepliaklqana.
  6702 | D:7      | Lost mutation: You occasionally lose the ability to drink
                  | potions when taking damage. [potion of mutation]
  6702 | D:7      | Lost mutation: You possess an exceptional clarity of mind.
                  | [potion of mutation]
  6702 | D:7      | Lost mutation: Your mind is acute. (Int +4, Str/Dex -1)
                  | [potion of mutation]
  6702 | D:7      | Gained mutation: You passively map a small area around you.
                  | [potion of mutation]
  6702 | D:7      | Gained mutation: You possess an exceptional clarity of
                  | mind. [potion of mutation]
  6746 | D:7      | Reached ** piety under Sif Muna
  6747 | D:7      | Reached XP level 10. HP: 33/74 MP: 15/15
  8416 | D:5      | Reached skill level 5 in Spellcasting
  9835 | D:8      | Found an opulent altar of Gozag.
  9860 | D:8      | Reached skill level 10 in Dodging
  9860 | D:8      | Noticed Grum
  9861 | D:8      | Noticed Joseph
 10398 | D:9      | Killed Grum
 10453 | D:8      | Killed Joseph
 10454 | D:8      | Reached skill level 10 in Fighting
 11428 | D:9      | Reached XP level 11. HP: 58/81 MP: 21/21
 11755 | D:9      | Found an ornate altar of the Wu Jian Council.
 12182 | D:9      | Reached *** piety under Sif Muna
 12506 | D:10     | Entered Level 10 of the Dungeon
 12506 | D:10     | Noticed a two-headed ogre
 12523 | D:10     | Killed a two-headed ogre
 12624 | D:10     | Learned a level 1 spell: Apportation
 12860 | D:11     | Found a burning altar of Makhleb.
 13502 | D:11     | Noticed a two-headed ogre
 13514 | D:11     | Killed a two-headed ogre
 14291 | D:12     | Noticed Jorgrun
 14309 | D:11     | Noticed a manticore
 14309 | D:11     | Found a staircase to the Lair.
 15063 | D:10     | Noticed a two-headed ogre
 15069 | D:10     | Learned a level 2 spell: Blink
 15072 | D:10     | Learned a level 2 spell: Momentum Strike
 15144 | D:10     | Killed a two-headed ogre
 15145 | D:10     | Reached skill level 1 in Stealth
 15517 | D:10     | Paralysed by a hornet for 1 turns
 16173 | D:10     | Reached XP level 12. HP: 34/90 MP: 25/25
 17213 | D:11     | Reached **** piety under Sif Muna
 17593 | D:12     | Reached skill level 5 in Stealth
 17644 | D:12     | Noticed a two-headed ogre
 17656 | D:12     | Killed a two-headed ogre
 17673 | D:12     | Killed Jorgrun
 17862 | D:13     | Reached skill level 10 in Spellcasting
 17863 | D:13     | Noticed a tengu warrior
 17870 | D:13     | Paralysed by a hornet for 3 turns
 17874 | D:13     | Slain by a tengu warrior

Illustrated notes

Levels and vault maps discovered:
D:1:      erik_arrival_orb_chamber, layout_loops_ring
D:2:      layout_basic
D:3:      layout_loops_ring
D:4:      layout_gridville, minmay_temple_entry_mini_moons,
          kennysheep_generic_room_7
D:5:      layout_basic, nicolae_vehumet_altar_sigil, okawaru_gym_becter,
          minmay_misc_feat_rows, moated_statue, dk_noncrumbling_2, uniq_pikel
D:6:      cheibrodos_helix_gallery, layout_loops_ring,
          mainiacjoe_overflow_tiny_flanked, serial_undead, serial_undead_b,
          serial_undead_a, serial_undead_d, serial_undead_c, serial_undead_b,
          serial_undead_b, uniq_grinder, uniq_duvessa
D:7:      layout_rooms, mainiacjoe_overflow_surrounded_room, enter_bailey_3
D:8:      layout_basic, old_standard_altar, uniq_joseph, uniq_grum
D:9:      layout_cave_pods, overflow_temple_1_default, minmay_misc_feat_enclosed
D:10:     cheibrodos_statue_roulette, layout_small_grid
D:11:     layout_long_grid, david_lair_generic, portal_ice_cave_entry_imps,
          david_defended_altar_orc
D:12:     layout_roguey, orc_0_dummy, uniq_jorgrun
D:13:     layout_loops_ring, nrook_mini_vaults
Temple:   compressed_dpeg_triangle_lava_temple

Skill      XL: |  1  2  3  4  5  6  7  8  9 10 11 12 |
---------------+-------------------------------------+-----
Fighting       | 2 3 4 5 6 7 9 10 11 | 11.5
Dodging        | 3 4 6 8 9 10 11 | 11.7
Spellcasting   | 3 7 9 10 | 10.0
Stealth        | 3 6 |  6.7
Long Blades    | |  1.0
Shields        | |  5.0
Invocations    | |  1.0

Action                     |  1- 3 |  4- 6 |  7- 9 | 10-12 || total
---------------------------+-------+-------+-------+-------++-------
  Melee: Falchion          |    46 |   100 |    90 |   251 ||   487
         Constrict         |    13 |    27 |    43 |   106 ||   189
         Tentacles         |     6 |    23 |    87 |   223 ||   339
         Punch             |     2 |     2 |    13 |    12 ||    29
         Dagger            |       |       |   226 |   317 ||   543
         Unarmed           |       |       |    17 |       ||    17
   Fire: Sling             |       |       |       |     3 ||     3
  Evoke: Wand              |       |       |       |    49 ||    49
    Use: Scroll            |       |     4 |     6 |    17 ||    27
         Potion            |       |     4 |     7 |    12 ||    23
   Stab: Sleeping          |     3 |     9 |     2 |    12 ||    26
         Invisible         |       |       |     2 |     6 ||     8
         Confused          |       |       |     3 |       ||     3
 Armour: Skin              |     3 |    17 |    56 |    42 ||   118
  Dodge: Dodged            |    22 |    43 |   240 |   486 ||   791
  Block: Buckler           |    18 |    32 |   117 |   277 ||   444

Table legend: (Time is in decaauts)
 A = Elapsed time spent in this place.
 B = Non-inter-level travel time spent in this place.
 C = Inter-level travel time spent in this place.
 D = Time resting spent in this place.
 E = Time spent auto-exploring this place.
 F = Levels seen in this place.
 G = Mean time per level.
                   A        B        C        D        E       F      G
               +--------+--------+--------+--------+--------+-----+--------+
         Total |  18005 |  17120 |    885 |   6968 |   7223 |  14 | 1286.1 |
       Dungeon |  17694 |  16859 |    835 |   6968 |   6979 |  13 | 1361.1 |
        Temple |    311 |    262 |     49 |      0 |    244 |   1 |  311.0 |
               +--------+--------+--------+--------+--------+-----+--------+

Top non-repeatable levels by time:
    D:10: 2855 daAuts
     D:6: 2215 daAuts
     D:4: 1920 daAuts
    D:11: 1774 daAuts
     D:9: 1754 daAuts
     D:7: 1686 daAuts
     D:8: 1438 daAuts
     D:5: 1366 daAuts
     D:3: 740 daAuts
     D:1: 661 daAuts
    D:12: 557 daAuts
     D:2: 533 daAuts
  Temple: 311 daAuts
    D:13: 190 daAuts
